Map: Catalyst LE

Players

JohnSnow - Winner!

  • Race: Terran Terran
  • Spawn Location: 11:00

A.I. 1 (Hard)

  • Race: Protoss Protoss
  • Spawn Location: 5:00

VOD

Have the link to the VOD?

Description

Time

  • Played on: Jan. 12, 2018, 5:02 p.m.
  • Length: 11:40
Show
View Real Time Build Order
Export as new Build Order

JohnSnow Terran - Winner!

Build Orders:  

Get SALT Encoding   

  12  0:01  SCV  
  13  0:13  SCV  
  14  0:21  Supply Depot  
  14  0:25  SCV  
  15  0:42  SCV  
  16  0:46  Barracks  
  16  0:51  Refinery  
  16  0:54  SCV  
  17  1:06  SCV  
  18  1:18  SCV  
  19  1:37  Command Center  
  19  1:41  Orbital Command  
  19  2:04  Barracks  
  19  2:23  Barracks Reactor  
  19  2:29  SCV  
  20  2:38  Refinery  
  20  2:41  SCV  
  21  2:51  Supply Depot  
  21  2:55  Barracks Tech Lab  
  21  3:14  Supply Depot  
  21  3:15  SCV  
  21  3:17  Orbital Command  
  22  3:32  SCV  
  22  3:34  Marine x2  
  23  3:37  Bunker  
  23  3:39  Marine  
  26  3:44  SCV  
  27  3:52  Marine x2  
  29  3:56  Marine  
  29  4:01  Factory  
  30  4:03  SCV x2  
  30  4:09  Marine  
  32  4:14  Supply Depot  
  32  4:15  SCV x2  
  35  4:25  Marine x2  
  35  4:27  Marine  
  38  4:37  Supply Depot  
  38  4:43  Stimpack, Marine x2  
  40  4:48  Starport  
  40  4:53  Factory Reactor  
  40  4:58  Marine  
  41  5:01  Marauder, Marine  
  44  5:15  SCV x2  
  44  5:16  Marine  
  47  5:23  Marauder  
  47  5:26  Refinery  
  47  5:27  SCV x2  
  51  5:39  SCV x2  
  53  5:43  Medivac x2  
  54  6:05  SCV  
  54  6:06  SCV  
  56  6:14  Factory Tech Lab  
  56  6:17  SCV  
  56  6:18  SCV  
  58  6:30  SCV x2  
  60  6:33  Refinery  
  60  6:35  Marine x2  
  60  6:36  Marine  
  66  6:40  Siege Tank  
  66  6:42  SCV, Medivac  
  69  6:51  Supply Depot  
  69  6:53  Marine  
  70  6:59  Barracks  
  70  7:13  Medivac, Marine x2, Siege Tank  
  70  7:14  Engineering Bay, Supply Depot  
  77  7:18  Armory  
  77  7:36  Marauder  
  79  7:37  Supply Depot  
  79  7:45  Siege Tank  
  79  7:48  Barracks  
  79  7:49  Marine x3  
  85  7:59  Medivac x2, Marauder  
  85  8:04  Supply Depot  
  91  8:07  Marine x3  
  94  8:26  SCV, Marauder, Marine x2, Siege Tank  
  102  8:28  Supply Depot  
  102  8:49  SCV x2  
  102  8:50  Supply Depot, Marauder  
  105  8:58  Siege Tank  
  105  9:01  SCV  
  99  9:08  Marine x4  
  101  9:11  Marauder  
  101  9:15  Medivac x2  
  107  9:25  Marine  
  107  9:26  Marine x3  
  107  9:30  Siege Tank  
  114  9:32  Marine  
  114  9:46  Marine  
  114  9:47  Marine x3  
  118  9:59  Supply Depot  
  118  10:02  Supply Depot  
  118  10:10  Marine  
  118  10:20  Medivac, Marine x3  
  118  10:21  Siege Tank  
  126  10:24  Medivac  
  127  10:53  Siege Tank  
  130  11:00  Marine  
  130  11:01  Marine x3  
  130  11:03  Marine  
  133  11:12  Supply Depot  
  133  11:18  Marine  
  134  11:26  Supply Depot  
  134  11:30  Supply Depot  
  134  11:36  Supply Depot  
Show
View Real Time Build Order
Export as new Build Order

A.I. 1 (Hard) Protoss 

Build Orders:  

Get SALT Encoding   

  12  0:00  Probe  
  13  0:13  Probe  
  14  0:19  Pylon  
  14  0:25  Probe  
  15  0:38  Probe  
  15  0:40  Gateway  
  16  0:48  Assimilator  
  16  0:50  Probe  
  17  1:01  Pylon  
  17  1:02  Probe  
  18  1:14  Probe  
  19  1:26  Probe  
  19  1:30  Zealot  
  19  1:31  Cybernetics Core  
  22  1:46  Gateway  
  22  1:49  Assimilator  
  22  2:04  Pylon  
  22  2:07  Stalker  
  24  2:19  Warp Gate  
  24  2:38  Zealot  
  24  2:41  Adept  
  24  2:42  Pylon  
  28  3:05  Adept  
  30  3:08  Probe, Adept  
  33  3:18  Pylon  
  33  3:20  Probe  
  34  3:32  Probe, Adept  
  37  3:35  Adept  
  37  3:40  Forge  
  39  3:44  Probe  
  40  3:57  Probe  
  40  3:59  Adept  
  40  4:02  Adept  
  45  4:09  Probe  
  46  5:08  Stalker  
  46  5:09  Protoss Ground Weapons Level 1  
  46  5:10  Gateway  
  46  5:13  Pylon  
  48  5:15  Photon Cannon  
  48  5:18  Stalker  
  50  5:23  Photon Cannon  
  50  5:31  Sentry  
  50  5:33  Robotics Facility  
  52  5:39  Pylon  
  52  5:41  Stalker  
  50  5:54  Stalker  
  44  6:03  Stargate  
  44  6:04  Sentry  
  46  6:14  Stalker  
  46  6:17  Nexus  
  48  6:20  Observer  
  48  6:24  Stalker  
  51  6:34  Zealot  
  51  6:39  Twilight Council  
  53  6:41  Observer  
  54  6:57  Forge  
  54  7:03  Protoss Ground Armor Level 1  
  54  7:16  Blink  
  54  7:30  Probe  
  54  7:32  Probe  
  54  7:34  Assimilator  
  56  7:38  Pylon  
  56  7:40  Pylon  
  56  7:42  Probe  
  56  7:44  Probe  
  58  7:54  Probe  
  58  7:56  Probe  
  60  8:00  Photon Cannon  
  60  8:02  Photon Cannon  
  60  8:06  Probe, Photon Cannon  
  60  8:08  Probe  
  62  8:19  Probe  
  63  8:20  Probe  
  64  8:31  Probe  
  64  8:32  Probe  
  66  8:43  Probe  
  66  8:44  Probe  
  68  8:55  Probe  
  69  8:56  Probe, Zealot  
  60  9:06  Zealot  
  60  9:07  Probe  
  49  9:13  Stalker  
  51  9:19  Gateway  
  51  9:20  Sentry  
  53  9:27  Sentry, Robotics Facility  
  55  9:32  Stargate  
  55  9:36  Stalker  
  49  9:43  Zealot  
  35  9:50  Sentry  
  30  9:59  Zealot  
  25  10:03  Zealot  
  27  10:13  Adept  
  23  10:21  Stalker  
  25  10:28  Stalker  
  20  10:35  Probe, Stalker  
  22  10:47  Probe  
  18  10:54  Pylon  
  18  10:59  Probe  
  16  11:12  Pylon  
Tags
 
Matchup
PvT
Spawn Locations
Cross Positions
Add a new tag
Caveats
  • Supply blocks, unpowered buildings, or Contaminate may cause inaccurate times.
  • Supply counts are checked every 10 seconds.